 Dungeon Crawl Stone Soup version 0.28.0-53-g5a82cb258f (webtiles) character file.

Game seed: 14680837655186721402

2715 Sin92 the Covered (level 9, -1/80 HPs)
             Began as a Minotaur Fighter on June 6, 2022.
             Was a Believer of Okawaru.
             Slain by a killer bee (2 damage)
             ... on level 7 of the Dungeon.
             The game lasted 00:10:03 (6877 turns).

Sin92 the Covered (Minotaur Fighter)                Turns: 6877, Time: 00:10:03

Health: -1/80      AC: 13    Str: 19    XL:     9   Next: 39%
Magic:  0/9        EV:  8    Int:  5    God:    Okawaru [**....]
Gold:   390        SH: 12    Dex: 14    Spells: 8/8 levels left

rFire   . . .      SeeInvis .   a - +0 war axe
rCold   . . .      Faith    .   e - +2 kite shield
rNeg    . . .      Spirit   +   n - +1 chain mail
rPois   .          Reflect  .   (helmet restricted)
rElec   .          Harm     .   h - scarf {repulsion}
rCorr   .          Rampage  .   (no gloves)
Will    .....                   (no boots)
Stlth   ..........              c - amulet of guardian spirit
HPRegen 0.23/turn               (no ring)
MPRegen 0.11/turn               (no ring)

@: lethally poisoned (-1 -> -6), repel missiles, unable to read
A: horns 2, retaliatory headbutt, iridescent scales 1, weak 1, inability to read
while threatened
a: Renounce Religion, Heroism


You were on level 7 of the Dungeon.
You worshipped Okawaru.
Okawaru was pleased with you.
You visited 2 branches of the dungeon, and saw 8 of its levels.
You also visited: Sewer.

You collected 390 gold pieces.

Inventory:

Hand Weapons
 a - a +0 war axe (weapon)
Missiles
 d - a throwing net (quivered)
Armour
 e - a +2 kite shield (worn)
 h - a scarf of repulsion (worn)
 n - a +1 chain mail (worn)
Jewellery
 c - an amulet of guardian spirit (around neck)
Wands
 l - a wand of paralysis (9)
 o - a wand of mindburst (5)
 p - a wand of acid (4)
 r - a wand of flame (10)
Scrolls
 f - a scroll of blinking
 j - a scroll of fear
 k - 4 scrolls of enchant armour
 q - a scroll of teleportation
Potions
 b - 2 potions of curing
 i - 4 potions of haste


   Skills:
 + Level 7.7 Fighting
 + Level 7.2 Axes
 + Level 7.7 Armour
 + Level 6.0 Dodging
 + Level 7.7 Shields
 + Level 1.8 Invocations


You had 8 spell levels left.
You didn't know any spells.
Your spell library contained the following spells:

 Spells                   Type           Power      Damage    Failure   Level
 Static Discharge         Conj/Air       0%         N/A       100%        2
 Conjure Flame            Conj/Fire      0%         6-21      100%        3
 Dazzling Flash           Conj/Hex       0%         N/A       100%        3
 Ignite Poison            Fire/Tmut/Pois 0%         N/A       100%        3
 Hailstorm                Conj/Ice       0%         3d3       100%        4
 Ice Form                 Ice/Tmut       0%         N/A       100%        4
 Iskenderun's Mystic Bla  Conj/Tloc      0%         2d3       100%        4
 Sticky Flame             Conj/Fire      0%         2d3       100%        4
 Lightning Bolt           Conj/Air       0%         1d11      100%        5
 Starburst                Conj/Fire      0%         6d3       100%        6
 Orb of Destruction       Conj           0%         9d5       100%        7
 Maxwell's Capacitive Co  Air            0%         ∞         100%        8
 Simulacrum               Ice/Necr       Unusable   N/A       N/A         6

Dungeon Overview and Level Annotations

Branches:
Dungeon (7/15)             Temple (1/1) D:4           Sewer (visited)

Altars:
Ashenzari
Cheibriados
Dithmenos
Elyvilon
Fedhas
Gozag
Kikubaaqudgha
Makhleb
Nemelex Xobeh
Okawaru
Qazlal
Ru
Sif Muna
Trog
Vehumet
Wu Jian
Xom
Zin
The Shining One

Shops:
D:1 [


Innate Abilities, Weirdness & Mutations

You have a pair of horns on your head.
You reflexively headbutt those who attack you in melee.
You are partially covered in iridescent scales. (AC +2)
You are weak. (Str -2)
You sometimes lose the ability to read scrolls when taking damage.


Message History

The killer bee poisons you! You block the killer bee's attack.
The killer bee stings you.
A jelly comes into view.
The killer bee barely misses you. You furiously retaliate!
You headbutt the killer bee! You barely miss the killer bee.
You headbutt the killer bee, but do no damage.
The killer bee is severely wounded.
You slash the killer bee!
You kill the killer bee!
Okawaru accepts your kill.
* * * LOW HITPOINT WARNING * * *
You feel very sick. The killer bee barely misses you.
You block the killer bee's attack.
The centaur wields a +0 shortbow.
The centaur shoots an arrow.
You block the arrow.
The howler monkey hoots and howls with incredible vigour!
The killer bee closely misses you.
You barely miss the killer bee.
The killer bee is severely wounded.
You closely miss the killer bee.
You feel very sick.
You block the killer bee's attack. x2; The killer bee stings you.
You feel threatened and lose the ability to read scrolls!
* * * LOW HITPOINT WARNING * * *
The killer bee stings you but does no damage.
The howler monkey hoots and howls with incredible vigour!
The killer bee stings you.
* * * LOW HITPOINT WARNING * * *
The killer bee stings you.
* * * LOW HITPOINT WARNING * * *
Something shouts, "Decamp, thou mangled mumble-news buzzard-bait!"
You barely miss the killer bee.
The killer bee is severely wounded.
You miss the killer bee.
* * * LOW HITPOINT WARNING * * *
You feel very sick.
The killer bee stings you but does no damage.
You block the killer bee's attack. The killer bee stings you.
You die...

......... ........#.
.......... ## .........#
. .........# .# h
.....^...# ###h###..
.........# #@yc.....
.......Z)### ###y#h.####
#........)###.FoJ.....#
#..###'###..#..###Z###..
##..#..##...## ... .
##.##.##.##.## .##
#..##.##..### ##
#.##..#.)##.#
#.##..#..## #


You could see a bullfrog, a centaur, 2 howler monkeys, a jelly, 2 killer bees,
an orc and a centaur skeleton.

Vanquished Creatures
  A water moccasin (D:4)
  Pargi (Sewer)
  2 black bears
  2 ogres
  2 centaurs
  6 phantoms
  2 gnoll sergeants
  A kobold brigand (D:7)
  2 bullfrogs
  A water moccasin zombie (D:6)
  2 scorpions (D:5)
  4 killer bees (D:7)
  3 howler monkeys
  A centaur zombie (D:7)
  A bullfrog zombie (D:5)
  3 orc priests
  4 hounds
  2 bullfrog skeletons (D:6)
  3 iguanas
  Terence (D:2)
  4 orc wizards
  A hound skeleton (D:4)
  A howler monkey zombie (D:7)
  5 adders
  9 gnolls
  A river rat (D:4)
  An adder skeleton (D:4)
  A worm (D:2)
  A dart slug (D:2)
  14 orcs
  7 ball pythons
  4 endoplasms
  4 giant cockroaches
  10 goblins
  5 hobgoblins
  2 jackals (D:4)
  6 kobolds
  3 quokkas
  6 bats
  4 frilled lizards
  7 rats
140 creatures vanquished.

Vanquished Creatures (others)
  5 plants
5 creatures vanquished.

Grand Total: 145 creatures vanquished

Notes
Turn   | Place    | Note
-------+----------+-------------------------------------------
     0 | D:1      | Sin92 the Minotaur Fighter began the quest for the Orb.
     0 | D:1      | Reached XP level 1. HP: 19/19 MP: 0/0
   167 | D:1      | Found a faded altar of an unknown god.
   432 | D:1      | Found Wafro's Antique Armour Emporium.
   536 | D:1      | Reached XP level 2. HP: 26/27 MP: 1/1
   809 | D:2      | Reached skill level 1 in Dodging
   821 | D:2      | Reached XP level 3. HP: 29/33 MP: 2/2
  1349 | D:2      | Noticed Terence
  1362 | D:2      | Killed Terence
  1363 | D:2      | Reached XP level 4. HP: 23/40 MP: 3/3
  2393 | D:4      | Noticed a phantom
  2403 | D:4      | Killed a phantom
  2404 | D:4      | Reached XP level 5. HP: 45/47 MP: 4/4
  2445 | D:4      | Found a glowing drain.
  2471 | Sewer    | Entered a sewer
  2566 | Sewer    | Noticed Pargi
  2577 | Sewer    | Killed Pargi
  2578 | Sewer    | Reached skill level 5 in Armour
  2578 | Sewer    | Reached skill level 5 in Shields
  2578 | Sewer    | Reached XP level 6. HP: 45/55 MP: 5/5
  2731 | D:4      | Noticed a water moccasin
  2738 | D:4      | Killed a water moccasin
  2739 | D:4      | Reached skill level 5 in Fighting
  2740 | D:4      | Gained mutation: You have hidden genetic defects. [potion
                  | of mutation]
  2740 | D:4      | Gained mutation: You are partially covered in iridescent
                  | scales. (AC +2) [potion of mutation]
  3060 | D:4      | Found a staircase to the Ecumenical Temple.
  3091 | Temple   | Entered the Ecumenical Temple
  3410 | D:4      | Found an iron altar of Okawaru.
  3428 | D:4      | Became a worshipper of Warmaster Okawaru
  3605 | D:4      | Gained mutation: You are weak. (Str -2) [hidden defects]
  3609 | D:4      | Reached XP level 7. HP: 54/61 MP: 6/6
  3629 | D:4      | Gained mutation: You sometimes lose the ability to read
                  | scrolls when taking damage. [hidden defects]
  3629 | D:4      | Lost mutation: You have hidden genetic defects. [hidden
                  | defects expressed]
  3716 | D:4      | Found a shimmering blue altar of Sif Muna.
  3739 | D:4      | Found an ornate altar of the Wu Jian Council.
  3908 | D:4      | Got the Collected Works on Attacks
  4001 | D:4      | Reached skill level 5 in Axes
  4096 | D:5      | Entered Level 5 of the Dungeon
  4183 | D:5      | Reached XP level 8. HP: 7/70 MP: 7/7
  4184 | D:5      | Reached * piety under Okawaru
  5559 | D:6      | Reached skill level 5 in Dodging
  6707 | D:7      | Reached XP level 9. HP: 59/79 MP: 5/8
  6778 | D:7      | Reached ** piety under Okawaru
  6796 | D:7      | Reached skill level 1 in Invocations
  6876 | D:7      | HP: 4/80 [killer bee (2)]
  6877 | D:7      | HP: 1/80 [poisoned by a killer bee]
  6877 | D:7      | Slain by a killer bee

Illustrated notes

Levels and vault maps discovered:
D:1:      amcnicky_arrival_wind_blow, layout_loops_ring,
          hellmonk_ecumenical_altar_lost_god, serial_shops, shop
D:2:      layout_loops_cross, minmay_misc_feat_more_columns,
          serial_bayou_pond_b, uniq_terence
D:3:      layout_loops_ring, minivault_14
D:4:      layout_gridville, okawaru_altar_gauntlet_db,
          nicolae_overflow_hidden_temple, minmay_temple_entry_gardened_gates,
          portal_sewer_entry_c, serial_park_tiny_1
D:5:      layout_cave_pools, serial_park, serial_park_tiny_pond,
          serial_park_square2, serial_park_tiny_1, serial_park_square2,
          serial_park_fountain
D:6:      layout_basic, minivault_10
D:7:      minmay_the_grid_octo_2x2 [minmay_the_grid_octo_checkerflower,
          minmay_the_grid_octo_clover_2, minmay_the_grid_octo_empty,
          minmay_the_grid_octo_prize_single_spiral], layout_basic,
          enter_bailey_2, serial_glass, glass_columns_a, glass_columns_b,
          glass_columns_a, glass_columns_c, glass_columns_a, glass_columns_b,
          glass_columns_a, glass_columns_b, minmay_strange_pillars,
          feat_on_display
Temple:   nicolae_temple_elliptical

Skill      XL: |  1  2  3  4  5  6  7  8  9 |
---------------+----------------------------+-----
Dodging        | 1 2 3 4 5 6 |  6.0
Armour         | 4 5 6 7 |  7.7
Shields        | 4 5 6 7 |  7.7
Fighting       | 4 5 6 7 |  7.7
Axes           | 3 4 5 6 7 |  7.2
Invocations    | 1 |  1.8

Action                   |  1- 3 |  4- 6 |  7- 9 || total
-------------------------+-------+-------+-------++-------
Melee: War axe           |    79 |   101 |   264 ||   444
       Headbutt          |    11 |    14 |    48 ||    73
  Use: Scroll            |       |     2 |     6 ||     8
       Potion            |       |     5 |     4 ||     9
Armor: Scale mail        |    28 |       |       ||    28
       Chain mail        |       |    74 |   157 ||   231
Dodge: Dodged            |    32 |    48 |    99 ||   179
Block: Buckler           |    10 |    34 |    36 ||    80
       Kite shield       |       |       |   122 ||   122
